 Dungeon Crawl Stone Soup version 0.30-a0-956-gcec3b41aec (webtiles) character file.

Game seed: 10378021514870034478

129066 lmSkywalker the Marksdraconian (level 16, -3/120 HPs)
             Began as a White Draconian Conjurer on Mar 20, 2023.
             Was the Champion of Hepliaklqana.
             Constricted to death by a naga warrior (4 damage)
             ... on level 1 of the Snake Pit on Mar 29, 2023.
             The game lasted 03:29:12 (37132 turns).

lmSkywalker the Marksdraconian (DrCj)              Turns: 37132, Time: 03:29:13

Health: -3/120     AC: 18    Str:  7    XL:     16   Next: 49%
Magic:  27/29      EV: 23    Int: 26    God:    Hepliaklqana [******]
Gold:   1735       SH:  0    Dex: 13    Spells: 15/33 levels left

rFire   . . .      SeeInvis +    m - +5 longbow of Paukas {heavy, rN++ Str-4 Stlth+}
rCold   + . .      Faith    .    (shield currently unavailable)
rNeg    + + .      Spirit   .    (body armour unavailable)
rPois   +          Reflect  .    c - +2 hat
rElec   .          Rampage  .    R - +0 cloak {rPois}
rCorr   .                        h - +2 pair of gloves
Will    +....                    V - +2 pair of boots
Stlth   +++++                    j - amulet of regeneration
HPRegen 1.20/turn                F - ring "Ruanuent" {EV+5 Int+4 SInv}
MPRegen 0.21/turn                H - +5 ring of evasion

@: short of breath, constricted
A: reduced essence, breathe frost, AC +9, unfitting armour, cold resistance 1,
cold-blooded
a: Breathe Frost, Renounce Religion, Recall Ancestor, Ancestor Identity,
Transference, Idealise


You were on level 1 of the Snake Pit.
You worshipped Hepliaklqana.
Hepliaklqana was exalted by your worship.
You visited 5 branches of the dungeon, and saw 23 of its levels.
You visited the Abyss 1 time.
You also visited: Bailey.

You collected 2469 gold pieces.
You spent 734 gold pieces at shops.

Inventory:

Hand Weapons
 m - the +5 longbow of Paukas (weapon) {heavy, rN++ Str-4 Stlth+}
   (You acquired it on level 12 of the Dungeon)

   Str:       It affects your strength (-4).
   rN:        It greatly protects you from negative energy.
   Stlth:     It makes you more stealthy.
 Q - a +3 heavy shortbow
Armour
 c - a +2 hat (worn)
 h - a +2 pair of gloves (worn)
 P - a +2 cloak of preservation
 R - a +0 cloak of poison resistance (worn)
 V - a +2 pair of boots (worn)
Jewellery
 b - a ring of protection from cold
 j - an amulet of regeneration (around neck)
 F - the ring "Ruanuent" (left hand) {EV+5 Int+4 SInv}
   (You found it on level 5 of the Lair of Beasts)

   [ring of evasion]

   EV:        It affects your evasion (+5).
   Int:       It affects your intelligence (+4).
   SInv:      It lets you see invisible.
 H - a +5 ring of evasion (right hand)
 L - a ring of willpower
 M - a ring of flight
Wands
 w - a wand of charming (19)
 x - a wand of digging (10)
 y - a wand of flame (54)
 B - a wand of polymorph (6)
 D - a wand of light (10)
 J - a wand of mindburst (9)
 U - a wand of iceblast (11)
Scrolls
 e - 2 scrolls of summoning
 f - 5 scrolls of enchant weapon
 i - 7 scrolls of poison
 l - 2 scrolls of magic mapping
 p - 6 scrolls of teleportation
 q - 2 scrolls of brand weapon
 r - 4 scrolls of enchant armour
 s - 2 scrolls of fog
 u - 3 scrolls of blinking
 v - a scroll of fear
 E - 3 scrolls of immolation
 K - a scroll of amnesia
Potions
 a - 3 potions of magic
 d - 3 potions of cancellation
 g - 5 potions of mutation
 k - 5 potions of might
 n - 7 potions of curing
 o - 5 potions of flight
 t - 2 potions of heal wounds
 z - 3 potions of berserk rage
 A - 2 potions of lignification
 G - 5 potions of attraction
 N - 5 potions of brilliance
 O - 7 potions of ambrosia
 S - 3 potions of invisibility
 T - a potion of haste
 W - a potion of resistance
Miscellaneous
 C - a condenser vane
 I - a lightning rod (4/4)


   Skills:
 - Level 9.9 Fighting
 + Level 15.1 Ranged Weapons
 - Level 10.2 Dodging
 - Level 9.6 Stealth
 - Level 9.3 Spellcasting
 - Level 7.8 Conjurations
 - Level 4.0 Hexes
 - Level 4.5 Necromancy
 - Level 8.9 Translocations
 - Level 7.7 Transmutations
 - Level 8.3 Invocations
 - Level 4.8 Evocations


You had 15 spell levels left.
You knew the following spells:

 Your Spells              Type           Power      Damage    Failure   Level
a - Irradiate             Conj/Tmut      25%        3d20      5%          5
b - Searing Ray           Conj           100%       2d8       1%          2
c - Dazzling Flash        Conj/Hex       86%        N/A       1%          3
d - Sublimation of Blood  Necr           35%        N/A       1%          2
e - Blink                 Tloc           100%       N/A       1%          2
f - Passage of Golubria   Tloc           56%        N/A       1%          4

Your spell library contained the following spells:

 Spells                   Type           Power      Damage    Failure   Level
 Magic Dart               Conj           100%       1d8       1%          1
 Sting                    Tmut/Pois      100%       1d8       1%          1
 Lesser Beckoning         Tloc           100%       N/A       1%          2
 Momentum Strike          Conj/Tloc      100%       3d10      1%          2
 Passwall                 Tmut/Erth      26%        N/A       1%          2
 Iskenderun's Mystic Bla  Conj/Tloc      54%        2d12      1%          4
 Ensorcelled Hibernation  Hex/Ice        44%        N/A       3%          2
 Spider Form              Tmut/Pois      32%        N/A       3%          3
 Sandblast                Erth           24%        2d8       4%          1
 Fulminant Prism          Conj/Hex       21%        3d12      4%          4
 Poisonous Vapours        Pois/Air       24%        N/A       8%          2
 Animate Dead             Necr           35%        N/A       8%          4
 Anguish                  Hex/Necr       17%        N/A       9%          4
 Ice Form                 Ice/Tmut       32%        N/A       10%         4
 Petrify                  Tmut/Erth      32%        N/A       10%         4
 Frozen Ramparts          Ice            24%        1d4       16%         3
 Olgreb's Toxic Radiance  Pois           12%        N/A       45%         4
 Summon Ice Beast         Ice/Summ       12%        N/A       45%         4
 Borgnjor's Vile Clutch   Necr/Erth      12%        N/A       47%         5
 Silence                  Hex/Air        11%        N/A       52%         5
 Death Channel            Necr           17%        N/A       75%         6
 Starburst                Conj/Fire      16%        6d6       83%         6
 Statue Form              Tmut/Erth      21%        N/A       83%         6
 Lehudib's Crystal Spear  Conj/Erth      16%        10d5      100%        8
 Chain Lightning          Conj/Air       16%        3d21      100%        9
 Fire Storm               Conj/Fire      16%        8d4       100%        9
 Shatter                  Erth           6%         3d9*      100%        9


Dungeon Overview and Level Annotations

Branches:
Dungeon (12/15)            Temple (0/1) D:6            Lair (5/5) D:8
  Swamp (3/4) Lair:3        Snake (1/4) Lair:3        Slime (0/5) Lair:4
    Orc (2/2) D:11            Elf (0/3) Orc:2        Bailey (visited)

Altars:
Cheibriados
Dithmenos
Elyvilon
Hepliaklqana
Makhleb
Okawaru
Ru
Jiyva
Lugonu

Shops:
D:4 [   D:9 [   Orc:2 ***[*

Portals:
Abyss: Lair:5

Annotations:
D:8 3 runed translucent doors, LobsterGuardian's ghost, novice GrFi
D:11 1 runed translucent door, pokeman's ghost, journeyman DEHW
Lair:5 2 transporters, cheesebisquit's ghost, journeyman TrFi


Innate Abilities, Weirdness & Mutations

Your life essence is reduced to manifest your ancestor. (-10% HP)
You can breathe waves of freezing cold which knock back foes.
Your icy white scales are hard. (AC +9)
You cannot fit into any form of body armour.
Your flesh is cold resistant. (rC+)
You are cold-blooded and may be slowed by cold attacks.


Message History

Press: ? - help, Q - select action, (/) - cycle Shift-Dir - straight line, f - naga warrior
Aim: a naga warrior, wielding a +0 mace and wearing a +0 robe (heavily wounded, constricting you, strong, 71% to hit)
You shoot an arrow. The arrow hits the naga warrior.
The naga warrior is heavily wounded.
Welp hits the salamander with a +0 broad axe of flaming!!
The naga warrior closely misses you. The naga warrior constricts you.
Fire: m) +5 longbow of Paukas {heavy, rN++ Str-4 Stlth+}
Press: ? - help, Q - select action, (/) - cycle Shift-Dir - straight line, f/p - naga warrior
Aim: a naga warrior, wielding a +0 mace and wearing a +0 robe (heavily wounded, constricting you, strong, 71% to hit)
You shoot an arrow. The arrow hits the naga warrior.
The naga warrior is heavily wounded.
The salamander no longer looks unusually strong.
The naga warrior hits you with a +0 mace!!
* * * LOW HITPOINT WARNING * * *
The naga warrior constricts you.
Welp hits the salamander with a +0 broad axe of flaming!
The naga warrior roars a battlecry!
The salamander goes into a battle-frenzy!
The naga warrior constricts you.
* * * LOW HITPOINT WARNING * * *
Fire: m) +5 longbow of Paukas {heavy, rN++ Str-4 Stlth+}
Press: ? - help, Q - select action, (/) - cycle Shift-Dir - straight line, f/p - naga warrior
Aim: a naga warrior, wielding a +0 mace and wearing a +0 robe (heavily wounded, constricting you, strong, 71% to hit)
Okay, then.
You feel much better.
Welp hits the salamander with a +0 broad axe of flaming!!
The naga warrior hits you with a +0 mace!!
* * * LOW HITPOINT WARNING * * *
The naga warrior constricts you.
* * * LOW HITPOINT WARNING * * *
Cast which spell? (? or * to list)
Okay, then.
Okay, then.
Okay, then.
Cast which spell? (? or * to list)
The naga warrior's grasp on you weakens, but your attempt to escape fails.
The naga warrior hits you with a +0 mace.
* * * LOW HITPOINT WARNING * * *
The naga warrior constricts you.
You die...

###.....## #.# #..
........###.. #.#
S###........... #.#
.NN......
....#####.# #....#
#.....#.# ###†#
#......# ##...#
####......#
#...R####.........#
#....NN@..###.....#
#.....##### #....##
#.....#.## #...<#
........# ######
:....#### ...## ...
#


You could see the friendly Welp the knight, a naga warrior (strong) and a
salamander (strong, ally target).

Vanquished Creatures
  Nikola (Swamp:3)
  Mlioglotl (Swamp:3)
  A tentacled starspawn (Abyss:2)
  Kirke (Lair:5)
  2 fenstrider witches
  An eleionoma (Swamp:1)
  4 bunyips
  Fannar (D:8)
  A hydra (Lair:3)
  Erolcha (Orc:1)
  Erica (D:8)
  2 catoblepae
  A two-headed ogre (D:10)
  2 boulder beetles
  5 alligators
  3 thrashing horrors (Lair:5)
  10 death yaks
  4 orc high priests
  Nergalle (Lair:3)
  Sonja (Lair:2)
  A skyshark (Lair:5)
  3 goliath frogs (Swamp:1)
  A fire crab (Lair:4)
  A large abomination (Abyss:2)
  A spriggan druid (Swamp:2)
  2 bog bodies
  4 orc knights (Orc:2)
  A swamp dragon (Swamp:3)
  4 wizards
  4 ugly things
  2 oklob plants
  3 orc sorcerers
  A cyclops (Orc:2)
  5 will-o-the-wisps
  A worldbinder (Abyss:2)
  3 elephants (Lair:3)
  A salamander (shapeshifter) (Lair:5)
  3 smoke demons
  A water nymph (shapeshifter) (Lair:5)
  3 black mambas
  A torpor snail (Lair:4)
  12 cane toads
  2 hellions (Abyss:2)
  3 unseen horrors
  5 komodo dragons
  A queen bee (Lair:2)
  9 hornets
  An ancient zyme (Abyss:2)
  2 bloated husks
  A polar bear (Lair:2)
  2 trolls (D:11)
  Prince Ribbit (D:8)
  A tyrant leech (Swamp:2)
  29 blink frogs
  2 dream sheep (Lair:5)
  A slime creature (Lair:4)
  13 spriggans
  3 shadows
  34 yaks
  2 wyverns
  A wraith (Abyss:2)
  A neqoxec (Abyss:2)
  A basilisk (Lair:3)
  4 hogs
  A steam dragon (D:8)
  Menkaure (D:5)
  2 nagas
  7 water moccasins
  11 swamp worms
  An acid dragon (D:10)
  A warg (D:11)
  18 orc warriors
  2 swamp drakes
  3 ice beasts
  8 ogres
  6 centaurs
  14 wolves
  A phantom (D:11)
  7 bullfrogs
  5 scorpions
  11 small abominations
  7 wights
  24 killer bees
  3 troll zombies (D:11)
  2 howler monkeys
  3 jellies
  A hound (D:6)
  A sleepcap (D:4)
  9 orc priests
  11 orc wizards
  Natasha (thrice) (D:2)
  9 gnolls
  5 adders
  A worm (D:2)
  33 orcs
  3 ball pythons
  2 giant cockroaches
  10 goblins
  5 hobgoblins
  A quokka (D:3)
  11 bats
  2 goblin zombies (D:11)
  A hobgoblin skeleton (D:11)
  A hobgoblin zombie (D:11)
  15 kobolds
  2 orc skeletons (D:11)
  11 orc zombies (D:11)
  3 rats
499 creatures vanquished.

Vanquished Creatures (collateral kills)
  Roxanne (Swamp:1)
  3 eleionomae (Swamp:2)
  Snorg (Lair:3)
  A great orb of eyes (Abyss:2)
  4 hydras
  A catoblepas (Lair:4)
  A two-headed ogre (D:12)
  2 death yaks
  A naga warrior (Snake:1)
  Urug (Orc:1)
  A thrashing horror (Lair:5)
  A goliath frog (Swamp:1)
  A swamp dragon (Swamp:3)
  A bog body (Swamp:3)
  2 wizards (D:12)
  An ugly thing (D:9)
  2 orc sorcerers
  A will-o-the-wisp (Lair:3)
  A cyclops (D:11)
  2 deep elf pyromancers
  A manticore (D:11)
  A wolf spider (D:11)
  3 elephants
  4 black mambas
  A guardian serpent (Snake:1)
  2 torpor snails
  4 cane toads
  Joseph (D:8)
  A komodo dragon (D:12)
  A bloated husk (Swamp:1)
  2 ancient zymes
  2 trolls (D:11)
  2 hornets (Swamp:3)
  A tyrant leech (Swamp:1)
  11 blink frogs
  3 dream sheep (Lair:5)
  A slime creature (Lair:4)
  2 ynoxinuls (Lair:5)
  23 yaks
  6 spriggans
  3 wyverns
  A wraith (D:11)
  2 shadows (D:9)
  A hog (Lair:5)
  A chaos spawn (Lair:5)
  A steam dragon (D:5)
  2 basilisks
  7 vampire mosquitoes
  Edmund (D:4)
  5 swamp worms
  3 nagas (Lair:3)
  An acid dragon (D:10)
  9 water moccasins
  8 orc warriors
  A swamp drake (Lair:3)
  An ice beast (D:5)
  A black bear (D:5)
  A sky beast (D:8)
  2 ogres
  8 wolves
  3 centaurs
  2 kobold brigands
  3 phantoms
  7 bullfrogs
  A gnoll sergeant (D:9)
  5 scorpions
  3 small abominations
  6 wights
  2 troll zombies (D:11)
  11 killer bees
  A howler monkey (D:8)
  8 orc priests
  2 gnoll boudas
  3 hounds
  3 iguanas
  9 orc wizards
  An ogre zombie (D:11)
  Robin (D:4)
  4 adders
  12 gnolls
  2 shadow imps (D:5)
  A white imp (Abyss:2)
  2 ufetubi
  A dart slug (D:2)
  20 orcs
  4 bats
  An endoplasm (D:3)
  2 giant cockroaches (D:2)
  2 hobgoblins
  8 kobolds
  A quokka (D:4)
  A ball python (D:3)
  2 frilled lizards
  7 goblins
  A goblin skeleton (D:11)
  An orc skeleton (D:11)
  3 rats
  2 starspawn tentacles (Abyss:2)
308 creatures vanquished.

Vanquished Creatures (others)
  A bloated husk (Swamp:1)
  A human (Lair:5)
  A small abomination (Abyss:2)
  An orc priest (D:8)
  34 knights
  36 foxfires
  49 fungi
  55 plants
  8 starspawn tentacles (Abyss:2)
186 creatures vanquished.

Grand Total: 993 creatures vanquished

Notes
Turn   | Place    | Note
-------+----------+-------------------------------------------
     0 | D:1      | lmSkywalker the Draconian Conjurer began the quest for the
                  | Orb.
     0 | D:1      | Reached XP level 1. HP: 14/14 MP: 3/3
   134 | D:1      | Found a faded altar of an unknown god.
   232 | D:1      | Prayed at the altar of an unknown god.
   232 | D:1      | Became a worshipper of Hepliaklqana the Forgotten
   232 | D:1      | Reached * piety under Hepliaklqana
   737 | D:1      | You fall into a shaft and drop 1 floor!
   846 | D:2      | Reached XP level 2. HP: 17/18 MP: 0/5
   911 | D:2      | Noticed Natasha
   919 | D:2      | Killed Natasha
   920 | D:2      | Reached XP level 3. HP: 16/23 MP: 2/6
   958 | D:2      | Learned a level 2 spell: Searing Ray
   962 | D:2      | Reached ** piety under Hepliaklqana
   963 | D:2      | Remembered your ancestor Welp as a knight
  1486 | D:2      | Noticed Natasha
  1495 | D:2      | Killed Natasha
  1496 | D:2      | Reached XP level 4. HP: 25/29 MP: 1/8
  1650 | D:2      | Noticed Natasha
  1745 | D:2      | Killed Natasha
  2323 | D:4      | Reached XP level 5. HP: 35/35 MP: 9/9
  2356 | D:4      | Found Dapabuid's Antique Armour Emporium.
  2376 | D:4      | Noticed Edmund
  2444 | D:4      | Reached skill level 1 in Fighting
  2837 | D:4      | Reached skill level 1 in Ranged Weapons
  2882 | D:4      | Reached XP level 6. HP: 42/42 MP: 10/10
  3412 | D:4      | Killed Edmund
  3413 | D:4      | Reached skill level 5 in Conjurations
  3636 | D:4      | Noticed Robin
  3641 | D:4      | Killed Robin
  3808 | D:4      | Reached skill level 2 in Ranged Weapons
  3902 | D:4      | Your scales start taking on an icy white colour.
  3902 | D:4      | Reached XP level 7. HP: 50/50 MP: 12/12
  3902 | D:4      | Gained mutation: Your flesh is cold resistant. (rC+) [White
                  | Draconian growth]
  3919 | D:4      | Reached *** piety under Hepliaklqana
  4122 | D:5      | Entered Level 5 of the Dungeon
  4489 | D:5      | Noticed Menkaure
  4723 | D:5      | Reached skill level 3 in Ranged Weapons
  4771 | D:5      | Noticed a steam dragon
  4783 | D:5      | Reached XP level 8. HP: 57/57 MP: 9/14
  4891 | D:5      | Found a snail-covered altar of Cheibriados.
  4998 | D:5      | Found a sacrificial altar of Ru.
  4998 | D:5      | Found an iron altar of Okawaru.
  5158 | D:5      | Found a white marble altar of Elyvilon.
  5732 | D:6      | Reached skill level 5 in Stealth
  5790 | D:6      | Found a burning altar of Makhleb.
  5896 | D:6      | Found a staircase to the Ecumenical Temple.
  5898 | D:6      | Reached **** piety under Hepliaklqana
  6056 | D:7      | Reached skill level 4 in Ranged Weapons
  6056 | D:7      | Reached skill level 5 in Spellcasting
  6126 | D:7      | Upgraded the game from 0.30-a0-913-g9934a0ce24 to
                  | 0.30-a0-920-g7493c07aab
  6172 | D:7      | Reached skill level 5 in Fighting
  6175 | D:7      | Reached XP level 9. HP: 64/66 MP: 8/16
  7657 | D:8      | Found a staircase to the Lair.
  7783 | D:8      | Identified the +12 dagger of Hushrah {flame, rCorr}
  7900 | D:8      | Found a flagged portal.
  7910 | D:8      | Reached skill level 5 in Ranged Weapons
  7911 | D:8      | Reached skill level 1 in Invocations
  8043 | Bailey   | Entered a bailey
  8059 | Bailey   | Noticed an orc warlord
  8228 | Bailey   | Found a runed translucent gate.
  8230 | Bailey   | Found a runed translucent gate.
  8237 | Bailey   | Found a runed translucent gate.
  9854 | D:8      | Noticed Prince Ribbit
  9864 | D:8      | Killed Prince Ribbit
  9865 | D:8      | Reached skill level 1 in Evocations
  9865 | D:8      | Reached XP level 10. HP: 66/75 MP: 13/19
  9865 | D:8      | Reached skill level 6 in Ranged Weapons
  9865 | D:8      | Reached skill level 5 in Invocations
  9865 | D:8      | Reached XP level 11. HP: 74/84 MP: 13/20
 10031 | D:8      | Found a runed translucent gate.
 10031 | D:8      | Found a runed translucent gate.
 10031 | D:8      | Found a runed translucent gate.
 10035 | D:8      | Noticed LobsterGuardian's ghost (novice GrFi)
 10038 | D:8      | Noticed Erica
 10050 | D:8      | Killed Erica
 10051 | D:8      | Reached skill level 7 in Ranged Weapons
 10067 | D:8      | Learned a level 3 spell: Dazzling Flash
 10070 | D:8      | Learned a level 2 spell: Sublimation of Blood
 10416 | D:8      | Noticed Joseph
 10578 | D:8      | Killed Joseph
 10579 | D:8      | Reached skill level 1 in Hexes
 10579 | D:8      | Reached skill level 1 in Necromancy
 11122 | D:9      | Noticed a two-headed ogre
 11565 | D:9      | Upgraded the game from 0.30-a0-920-g7493c07aab to
                  | 0.30-a0-924-g0ad0bf95bc
 11605 | D:9      | Found Voeden's Antique Armour Shop.
 11615 | D:9      | Bought a glowing cloak for 195 gold pieces
 11695 | D:9      | Noticed a green ugly thing
 11743 | D:9      | Killed a green ugly thing
 11963 | D:9      | Noticed a deep elf pyromancer
 11971 | D:9      | Killed a deep elf pyromancer
 12652 | D:10     | Entered Level 10 of the Dungeon
 12766 | D:10     | Found a shadowy altar of Dithmenos.
 12899 | D:10     | Noticed a two-headed ogre
 12914 | D:10     | Killed a two-headed ogre
 12971 | D:10     | Reached ***** piety under Hepliaklqana
 13381 | D:8      | Found a viscous altar of Jiyva.
 13579 | Lair:1   | Entered Level 1 of the Lair of Beasts
 13648 | Lair:1   | Reached XP level 12. HP: 75/93 MP: 21/21
 13716 | Lair:1   | Noticed Fannar
 13804 | D:8      | Killed Fannar
 13830 | Lair:1   | Reached skill level 8 in Ranged Weapons
 13858 | Lair:1   | Noticed a catoblepas
 13884 | Lair:1   | Killed a catoblepas
 14259 | Lair:1   | Learned a level 5 spell: Irradiate
 14631 | Lair:2   | Reached skill level 1 in Transmutations
 15008 | Lair:2   | Noticed Sonja
 15020 | Lair:2   | Killed Sonja
 15285 | Lair:2   | Reached skill level 9 in Ranged Weapons
 15648 | Lair:2   | Reached XP level 13. HP: 101/101 MP: 23/23
 15834 | Lair:3   | Found a staircase to the Snake Pit.
 16283 | Lair:3   | Found a staircase to the Swamp.
 16320 | Lair:3   | Reached skill level 5 in Transmutations
 16442 | Lair:3   | Noticed Nergalle
 16579 | Lair:3   | Noticed Snorg
 16771 | Lair:3   | HP: 1/101 [Snorg (15)]
 16857 | Lair:2   | Upgraded the game from 0.30-a0-924-g0ad0bf95bc to
                  | 0.30-a0-930-gb9d0489357
 18056 | D:10     | Reached skill level 5 in Dodging
 18195 | D:11     | Reached skill level 10 in Ranged Weapons
 18379 | D:11     | Found a runed translucent door.
 18395 | D:11     | Noticed pokeman's ghost (journeyman DEHW)
 18704 | D:11     | Found a staircase to the Orcish Mines.
 19295 | Orc:1    | Entered Level 1 of the Orcish Mines
 19324 | Orc:1    | Noticed Erolcha
 19330 | Orc:1    | Killed Erolcha
 19710 | Orc:1    | Reached ****** piety under Hepliaklqana
 19844 | Orc:2    | Entered Level 2 of the Orcish Mines
 19844 | Orc:2    | Found a staircase to the Elven Halls.
 19963 | Orc:2    | Noticed Urug
 19984 | Orc:1    | Killed Urug
 20268 | Orc:2    | Found Nuerph's Mass Market.
 20374 | Orc:1    | Reached XP level 14. HP: 89/107 MP: 25/25
 21089 | Orc:2    | Found Gili's Antique Armour Shoppe.
 21089 | Orc:2    | Found Jucios's General Store.
 21191 | Orc:2    | Found Toneah's General Store.
 21191 | Orc:2    | Found Bulaimpe's Assorted Antiques.
 21202 | Orc:2    | Bought a potion of curing for 48 gold pieces
 21202 | Orc:2    | Bought a scroll of teleportation for 48 gold pieces
 21202 | Orc:2    | Bought a book of Spatial Translocations for 288 gold pieces
 21204 | Orc:2    | Bought a scroll of teleportation for 93 gold pieces
 21204 | Orc:2    | Bought a scroll of identify for 62 gold pieces
 21327 | Orc:2    | Learned a level 2 spell: Blink
 21971 | D:5      | Killed Menkaure
 21972 | D:5      | Reached skill level 11 in Ranged Weapons
 22594 | D:12     | Reached skill level 1 in Translocations
 23278 | Lair:4   | Found a staircase to the Slime Pits.
 23388 | Lair:4   | Found a viscous altar of Jiyva.
 24762 | Lair:5   | Entered Level 5 of the Lair of Beasts
 25790 | Lair:5   | Noticed Kirke
 25894 | Lair:5   | Killed Kirke
 26039 | Lair:4   | Reached XP level 15. HP: 110/113 MP: 28/28
 26152 | Lair:5   | Reached skill level 5 in Translocations
 26170 | Lair:5   | Learned a level 4 spell: Passage of Golubria
 26302 | Lair:5   | Reached skill level 12 in Ranged Weapons
 26395 | Lair:5   | Found a transporter.
 26395 | Lair:5   | Found a transporter.
 26417 | Lair:5   | Noticed cheesebisquit's ghost (journeyman TrFi)
 27659 | Lair:5   | Identified the ring "Ruanuent" {EV+5 Int+4 SInv}
 29658 | Lair:5   | Found a corrupted altar of Lugonu.
 29658 | Lair:5   | Found a one-way gate to the infinite horrors of the Abyss.
 30597 | D:12     | Identified a scroll of acquirement
 30597 | D:12     | Acquired the +5 longbow of Paukas {heavy, rN++ Str-4
                  | Stlth+}
 30821 | Abyss:2  | Cast into level 2 of the Abyss (a wizard)
 30912 | Abyss:2  | Noticed a bone dragon
 30987 | Abyss:2  | Noticed a tentacled starspawn
 31114 | Abyss:2  | Killed a tentacled starspawn
 31155 | Abyss:2  | Noticed a tentacled starspawn
 31155 | Abyss:2  | Noticed a tentacled starspawn
 31157 | Abyss:2  | Noticed a bone dragon
 31169 | Abyss:2  | Found a corrupted altar of Lugonu.
 31173 | D:12     | Escaped the Abyss
 31758 | D:12     | Upgraded the game from 0.30-a0-930-gb9d0489357 to
                  | 0.30-a0-937-ga0a21ad780
 32032 | Swamp:1  | Entered Level 1 of the Swamp
 32275 | Lair:3   | Reached skill level 10 in Dodging
 32316 | Swamp:1  | Reached skill level 13 in Ranged Weapons
 33110 | Swamp:1  | Identified Roxanne's Encyclopedia of the Boulder
 33110 | Swamp:1  | Noticed Roxanne
 33130 | Swamp:1  | Killed Roxanne
 33153 | Swamp:1  | Upgraded the game from 0.30-a0-937-ga0a21ad780 to
                  | 0.30-a0-949-g53dc5368d7
 33249 | Swamp:1  | Identified the +0 robe of the Thinker {rC+}
 33437 | Swamp:1  | Reached XP level 16. HP: 120/120 MP: 29/29
 34999 | Swamp:3  | Noticed Nikola
 35094 | Swamp:3  | Reached skill level 14 in Ranged Weapons
 35992 | Swamp:3  | Killed Nikola
 36336 | Swamp:3  | Noticed Mlioglotl
 36337 | Swamp:3  | Noticed a bone dragon
 36346 | Swamp:3  | Killed Mlioglotl
 36761 | Swamp:3  | Identified the +0 leather armour of Xom's Hope {rElec
                  | rCorr}
 36876 | Swamp:3  | Upgraded the game from 0.30-a0-949-g53dc5368d7 to
                  | 0.30-a0-956-gcec3b41aec
 37025 | Lair:3   | Killed Snorg
 37068 | Lair:3   | Killed Nergalle
 37069 | Lair:3   | Reached skill level 15 in Ranged Weapons
 37082 | Snake:1  | Entered Level 1 of the Snake Pit
 37131 | Snake:1  | HP: 4/120 [naga warrior/+0 mace (31)]
 37132 | Snake:1  | HP: 1/120 [naga warrior/+0 mace (4)]
 37132 | Snake:1  | Constricted to death by a naga warrior

Illustrated notes

Levels and vault maps discovered:
D:1:      dpeg_arrival_round_b, layout_loops_corners, basic_ecumenical_altar
D:2:      cheibrodos_old_hovel, layout_basic, kennysheep_generic_room_8,
          uniq_natasha
D:3:      layout_rooms
D:4:      layout_cave_pods, serial_shops, nicolae_shop_window_shopping,
          uniq_robin, uniq_edmund
D:5:      minmay_chambers_of_fours, layout_loops_ring,
          gammafunk_temple_overflow_elements, mainiacjoe_overflow_swirl,
          uniq_menkaure
D:6:      layout_rooms, makhleb_blood_cavern_becter
D:7:      layout_loops_ring, david_defended_altar_orc
D:8:      kb_forest_paths, layout_basic, lair_entry_dummy, enter_bailey_5,
          gammafunk_ghost_ooze, nrook_pool_corridor, uniq_prince_ribbit1,
          uniq_erica, uniq_joseph
D:9:      layout_grid_maze, serial_shops, nicolae_shop_overgrown_old_shop,
          onia_ninara_dug_in_and_dangerous
D:10:     old_forge, layout_irregular_city, nicolae_dithmenos_the_darkroom
D:11:     layout_irregular_city, zombieorc1_lemuel, gammafunk_ghost_grave,
          nzn_random_ring
D:12:     minmay_smoke_and_mirrors, layout_stronghold
Lair:1:   layout_loops_ring, grunt_megastairs_1, uniq_fannar
Lair:2:   layout_roguey, special_room [special_room_bee],
          minmay_lair_oklob_bushes, uniq_sonja
Lair:3:   layout_roguey, minmay_swamp_entry_wisps,
          minmay_snake_entry_guardpost_small, uniq_nergalle, uniq_snorg
Lair:4:   layout_loops_ring, minmay_slime_entry_pillars, worms_lemuel
Lair:5:   hellmonk_lair_end_abyssal_woods, layout_regular_city,
          gammafunk_ghost_hive, uniq_kirke
Swamp:1:  layout_basic_swamp, nicolae_swamp_bean_lake, swamp_pool1,
          infiniplex_staircase_pool_2, uniq_roxanne
Swamp:2:  layout_basic_swamp, nicolae_swamp_triple_paths,
          nzn_swamp_dancing_lights, infiniplex_staircase_pool
Swamp:3:  layout_falls_marsh, hangedman_swamp_ruin_hall, swamp_pool2,
          hangedman_swamp_cone, uniq_mlioglotl, uniq_nikola
Snake:1:  layout_misc_corridors, nicolae_shop_clearance
Orc:1:    layout_diamond_mine, uniq_erolcha
Orc:2:    grunt_orc_tribal_feast, layout_diamond_mine, minmay_shop_mass,
          uniq_urug

Skill      XL: |  1  2  3  4  5  6  7  8  9 10 11 12 13 14 15 16 |
---------------+-------------------------------------------------+-----
Dodging        | 2 3 6 8 10 | 10.2
Stealth        | 2 3 4 5 6 8 9 |  9.6
Fighting       | 1 2 3 5 6 8 9 |  9.9
Spellcasting   | 3 4 5 6 7 9 |  9.3
Ranged Weapons | 1 2 3 4 5 6 7 9 10 11 13 15 | 15.1
Conjurations   | 5 6 7 |  7.8
Invocations    | 2 5 7 8 |  8.3
Evocations     | 1 4 |  4.8
Hexes          | 3 4 |  4.0
Necromancy     | 3 4 |  4.5
Transmutations | 3 7 |  7.7
Translocations | 4 8 |  8.9

Action                     |  1- 3 |  4- 6 |  7- 9 | 10-12 | 13-15 | 16-18 || total
---------------------------+-------+-------+-------+-------+-------+-------++-------
  Melee: Dagger            |    20 |       |       |       |       |       ||    20
         Tailslap          |     7 |       |       |       |       |       ||     7
         Short sword       |    25 |       |       |       |       |       ||    25
   Fire: Sling             |       |    88 |   240 |   133 |       |       ||   461
         Shortbow          |       |       |       |   343 |  1239 |       ||  1582
         Longbow           |       |       |       |       |   197 |   195 ||   392
   Cast: Magic Dart        |    16 |     2 |    17 |    14 |       |       ||    49
         Searing Ray       |     2 |     9 |    37 |    20 |       |     2 ||    70
         Dazzling Flash    |       |       |       |     3 |       |     1 ||     4
         Passage of Golubr |       |       |       |       |     8 |       ||     8
         Irradiate         |       |       |       |       |     2 |       ||     2
         Blink             |       |       |       |       |     1 |     1 ||     2
 Invoke: Recall Ancestor   |     1 |     1 |     6 |     1 |    18 |     3 ||    30
         Ancestor Identity |     1 |       |       |       |       |       ||     1
         Ancestor Life: Kn |     1 |       |       |       |       |       ||     1
         Transference      |       |       |       |     2 |     3 |       ||     5
         Idealise          |       |       |       |       |     2 |     1 ||     3
Ability: Breathe Frost     |       |       |     4 |    29 |    87 |    18 ||   138
  Evoke: Wand              |       |       |       |     1 |     6 |       ||     7
    Use: Scroll            |       |     3 |     9 |    12 |     7 |       ||    31
         Potion            |       |       |       |     1 |     6 |     1 ||     8
   Stab: Sleeping          |     2 |       |       |       |       |       ||     2
 Armour: Skin              |    20 |     2 |    21 |    91 |   388 |    22 ||   544
  Dodge: Dodged            |    45 |    12 |    61 |   295 |  1024 |    97 ||  1534

Table legend: (Time is in decaauts)
 A = Elapsed time spent in this place.
 B = Non-inter-level travel time spent in this place.
 C = Inter-level travel time spent in this place.
 D = Time resting spent in this place.
 E = Time spent auto-exploring this place.
 F = Levels seen in this place.
 G = Mean time per level.
                   A        B        C        D        E       F      G
               +--------+--------+--------+--------+--------+-----+--------+
         Total |  38373 |  34821 |   3552 |  10625 |   7566 |  25 | 1534.9 |
       Dungeon |  17768 |  15528 |   2240 |   2947 |   5026 |  12 | 1480.7 |
          Lair |  11318 |  10380 |    938 |   3905 |   1440 |   5 | 2263.6 |
         Swamp |   4935 |   4646 |    289 |   2029 |    704 |   3 | 1645.0 |
     Snake Pit |     53 |     53 |      0 |      0 |      0 |   1 |   53.0 |
  Orcish Mines |   2146 |   2063 |     83 |    598 |    395 |   2 | 1073.0 |
         Abyss |    372 |    372 |      0 |     59 |      0 |   1 |  372.0 |
        Bailey |   1779 |   1779 |      0 |   1086 |      0 |   1 | 1779.0 |
               +--------+--------+--------+--------+--------+-----+--------+

Top non-repeatable levels by time:
  Lair:5: 4542 daAuts
     D:8: 2639 daAuts
  Lair:4: 2531 daAuts
    D:11: 2254 daAuts
     D:9: 1806 daAuts
  Bailey: 1779 daAuts
 Swamp:2: 1764 daAuts
     D:4: 1760 daAuts
  Lair:2: 1755 daAuts
 Swamp:3: 1681 daAuts
     D:5: 1586 daAuts
    D:12: 1515 daAuts
 Swamp:1: 1489 daAuts
  Lair:3: 1425 daAuts
     D:7: 1395 daAuts
